 Dungeon Crawl Stone Soup version 0.22.1-2-g9c5b331383 (webtiles) character file.

13167 JOKERXD40 the Cleaver (level 11, -8/101 HPs)
             Began as a Minotaur Berserker on Nov 20, 2018.
             Was a High Priest of Trog.
             Mangled by a seven-headed hydra (11 damage)
             ... on level 1 of the Lair of Beasts on Nov 22, 2018.
             The game lasted 00:27:31 (11303 turns).

JOKERXD40 the Cleaver (Minotaur Berserker)         Turns: 11303, Time: 00:27:32

Health: -8/101     AC: 23    Str: 24    XL:     11   Next: 72%
Magic:  6/6        EV: 11    Int: 12    God:    Trog [*****.]
Gold:   274        SH:  6    Dex: 18    Spells: 10/10 levels left

rFire    . . .     SeeInvis .   a - +3 broad axe (antimagic)
rCold    . . .     Gourm    .   T - +0 buckler "Xecemi" {Str+2 Int+3 Dex+2}
rNeg     . . .     Faith    .   J - +0 plate armour
rPois    .         Spirit   .   V - +3 hat of Pondering {ponderous, MR+ MP+10 Int+5}
rElec    .         Reflect  .   Q - +0 cloak
rCorr    .         Harm     .   L - +0 pair of gloves
MR       +....                  d - +1 pair of boots {Stlth+}
Stlth    ..........             R - amulet of rage
HPRegen  0.26/turn              h - +4 ring of slaying
MPRegen  0.10/turn              i - +3 ring of dexterity

@: slow
A: retaliatory headbutt, horns 2
a: Berserk, Trog's Hand, Brothers in Arms, Renounce Religion, Evoke Berserk Rage


You were on level 1 of the Lair of Beasts.
You worshipped Trog.
Trog was extremely pleased with you.
You were not hungry.

You visited 2 branches of the dungeon, and saw 13 of its levels.

You collected 994 gold pieces.
You spent 720 gold pieces at shops.

Inventory:

Hand Weapons
 a - a +3 antimagic broad axe (weapon)
 b - the +6 long sword of Joyful Slaughter {flame, rElec rN+ Dex-3}
   (You found it on level 9 of the Dungeon)

   It has been specially enchanted to burn those struck by it, causing extra
   injury to most foes and up to half again as much damage against particularly
   susceptible opponents.
   Big, fiery blades are also staple armaments of hydra-hunters.
   It affects your dexterity (-3).
   It insulates you from electricity.
   It protects you from negative energy.
Missiles
 q - 2 throwing nets (quivered)
 C - 17 tomahawks
Armour
 d - a +1 pair of boots of stealth (worn)
 J - a +0 plate armour (worn)
 L - a +0 pair of gloves (worn)
 Q - a +0 cloak (worn)
 T - the +0 buckler "Xecemi" (worn) {Str+2 Int+3 Dex+2}
   (You bought it in a shop on level 8 of the Dungeon)

   It affects your strength (+2).
   It affects your intelligence (+3).
   It affects your dexterity (+2).
 V - the +3 hat of Pondering (worn) {ponderous, MR+ MP+10 Int+5}
   (You took it off Gastronok on level 11 of the Dungeon)

   It affects your intelligence (+5).
   It affects your resistance to hostile enchantments.
   It affects your magic capacity (+10).
Jewellery
 h - a +4 ring of slaying (left hand)
 i - a +3 ring of dexterity (right hand)
 N - an uncursed ring of poison resistance
 R - an amulet of rage (around neck)
Wands
 x - a wand of disintegration (5)
 B - a wand of polymorph (23)
 D - a wand of flame (28)
 H - a wand of paralysis (13)
 O - a wand of scattershot (4)
 S - a wand of digging (28)
 U - a wand of enslavement (21)
Scrolls
 g - 3 scrolls of remove curse
 k - 4 scrolls of magic mapping
 o - a scroll of enchant armour {unknown}
 p - 2 scrolls of immolation
 s - 2 scrolls of blinking
 t - 2 scrolls of fog {unknown}
 w - a scroll of noise {unknown}
 z - a scroll of fear {unknown}
 A - 2 scrolls of enchant weapon {unknown}
 K - 3 scrolls of teleportation {unknown}
 P - 2 scrolls of random uselessness {unknown}
 W - 3 scrolls of vulnerability {unknown}
Potions
 e - 2 potions of haste
 f - 2 potions of lignification {unknown}
 j - 4 potions of curing {unknown}
 l - a potion of mutation {unknown}
 m - 7 potions of heal wounds
 n - a potion of flight {unknown}
 r - 2 potions of ambrosia
 u - 2 potions of berserk rage {unknown}
 v - 3 potions of cancellation {unknown}
 E - 2 potions of magic {unknown}
 F - a potion of might {unknown}
 G - a potion of resistance {unknown}
 I - 2 potions of agility
 M - a potion of experience {unknown}
 X - 2 potions of brilliance {unknown}
Comestibles
 c - 19 rations
 Y - 6 chunks of flesh


   Skills:
 + Level 10.7 Fighting
 + Level 14.6 Axes
 + Level 10.4 Armour
 + Level 7.1 Dodging
 + Level 5.2 Shields


You had 10 spell levels left.
You didn't know any spells.
Your spell library was empty.

Dungeon Overview and Level Annotations

Branches:
Dungeon (12/15)            Temple (0/1) D:6            Lair (1/6) D:11
    Orc (0/2) D:10

Altars:
Ashenzari
Dithmenos
Fedhas
Okawaru
Sif Muna
Trog
Uskayaw
Vehumet
Xom
The Shining One

Shops:
D:5 *   D:6 :   D:8 *![?   D:10 %

Annotations:
D:9 Prince Ribbit


Innate Abilities, Weirdness & Mutations

You reflexively headbutt those who attack you in melee.
You have a pair of horns on your head.


Message History

The seven-headed hydra closely misses you.
The seven-headed hydra bites you!
* * * LOW HITPOINT WARNING * * *
The seven-headed hydra bites you!
* * * LOW HITPOINT WARNING * * *
The seven-headed hydra bites you but does no damage.
The seven-headed hydra barely misses you. x2
The seven-headed hydra bites you but does no damage.
The seven-headed hydra bites you.
* * * LOW HITPOINT WARNING * * *
The seven-headed hydra bites you.
* * * LOW HITPOINT WARNING * * *
The seven-headed hydra misses you. The seven-headed hydra bites you.
* * * LOW HITPOINT WARNING * * *
The seven-headed hydra bites you but does no damage.
The seven-headed hydra misses you.
The seven-headed hydra bites you but does no damage. x4
The seven-headed hydra closely misses you.
The seven-headed hydra bites you!
You die...

#.... .......
#....#....... .
#....#.......
.#.##............
...#..... .......
#...#....#.......
##.......#......#
###.........@D....#
.....P#P.......P..#
...................#
.#......#...#...###..
...........##...# .
P.............##
#...........#.#
#P.#..#....<...#
##.#..#....#...#


You could see a seven-headed hydra.

Vanquished Creatures
  Gastronok (D:11)
  A centaur warrior (D:12)
  A cyclops (D:11)
  A manticore (D:12)
  3 komodo dragons
  3 trolls
  Sigmund (D:2)
  2 hippogriffs
  2 wyverns
  A spriggan (D:12)
  11 yaks
  Edmund (D:4)
  A soldier ant (D:12)
  A sky beast (D:9)
  3 phantoms
  4 orc warriors
  3 ice beasts
  A slave (D:8)
  An eye of draining (D:12)
  5 ogres
  6 centaurs
  3 gnoll sergeants (D:10)
  2 big kobolds
  9 bullfrogs
  5 scorpions
  A water moccasin skeleton (D:5)
  8 wights (D:12)
  An electric eel (D:9)
  2 centaur zombies
  5 howler monkeys
  2 bullfrog zombies
  5 crimson imps
  4 hounds
  2 jellies
  13 orc wizards
  2 bullfrog skeletons
  7 orc priests
  A centaur skeleton (D:4)
  Terence (D:2)
  3 iguanas
  Natasha (thrice) (D:4)
  A statue (D:9)
  4 worker ants
  A hound zombie (D:6)
  2 hound skeletons
  4 worker ant zombies
  7 adders
  8 gnolls
  4 shadow imps
  An ooze (D:5)
  An adder skeleton (D:4)
  An adder zombie (D:8)
  5 worms
  4 dart slugs
  6 leopard geckos
  49 orcs
  4 giant cockroaches
  8 goblins
  7 hobgoblins
  10 jackals
  5 quokkas
  3 ball pythons
  6 bats
  9 frilled lizards
  10 kobolds
  A quokka skeleton (D:5)
  10 rats
  A plant (D:11)
304 creatures vanquished.

Vanquished Creatures (collateral kills)
  Pikel (D:8)
  A troll (D:10)
  2 orc warriors (D:10)
  2 ogres (D:10)
  A big kobold (D:10)
  4 gnolls (D:10)
  5 orcs (D:10)
16 creatures vanquished.

Vanquished Creatures (others)
  A slave (D:8)
  A hound (D:8)
  2 jackals (D:8)
  22 plants
26 creatures vanquished.

Grand Total: 346 creatures vanquished

Notes
Turn   | Place    | Note
-------+----------+-------------------------------------------
     0 | D:1      | JOKERXD40 the Minotaur Berserker began the quest for the
                  | Orb.
     0 | D:1      | Reached XP level 1. HP: 19/19 MP: 0/0
   113 | D:1      | Reached skill level 4 in Axes
   113 | D:1      | Reached XP level 2. HP: 27/27 MP: 1/1
   687 | D:1      | Reached ** piety under Trog
   693 | D:2      | Noticed Sigmund
   704 | D:2      | Reached XP level 3. HP: 33/33 MP: 2/2
   719 | D:2      | Killed Sigmund
   719 | D:2      | Reached skill level 5 in Fighting
   719 | D:2      | Reached skill level 5 in Axes
   719 | D:2      | Reached XP level 4. HP: 11/42 MP: 3/3
   719 | D:2      | Reached XP level 5. HP: 13/48 MP: 4/4
   979 | D:2      | Found an iron altar of Okawaru.
  1246 | D:2      | Noticed Terence
  1251 | D:2      | Killed Terence
  1251 | D:2      | Reached XP level 6. HP: 56/56 MP: 5/5
  1363 | D:2      | Reached skill level 6 in Axes
  1467 | D:2      | Found a glowing golden altar of the Shining One.
  2147 | D:3      | Reached *** piety under Trog
  2547 | D:4      | Noticed Edmund
  2549 | D:4      | Noticed a hand axe
  2550 | D:4      | Noticed a hand axe
  2562 | D:4      | Killed Edmund
  2562 | D:4      | Reached skill level 7 in Axes
  2562 | D:4      | Reached XP level 7. HP: 63/63 MP: 6/6
  2564 | D:4      | Found a hide-covered altar of Uskayaw.
  2633 | D:4      | Noticed Natasha
  2637 | D:4      | Killed Natasha
  2709 | D:4      | Noticed Natasha
  2714 | D:4      | Killed Natasha
  2717 | D:4      | Reached skill level 8 in Axes
  2745 | D:4      | Noticed Natasha
  2747 | D:4      | Killed Natasha
  2863 | D:4      | Reached skill level 5 in Armour
  3018 | D:5      | Entered Level 5 of the Dungeon
  3083 | D:5      | Reached skill level 9 in Axes
  3182 | D:5      | Reached **** piety under Trog
  3182 | D:5      | Reached XP level 8. HP: 71/71 MP: 7/7
  3662 | D:5      | Found Oroliock's General Store.
  3668 | D:5      | Bought a scroll of identify for 22 gold pieces
  3742 | D:5      | Found a bloodstained altar of Trog.
  3743 | D:5      | Found a shattered altar of Ashenzari.
  4057 | D:6      | Reached skill level 10 in Axes
  4222 | D:6      | Found a staircase to the Ecumenical Temple.
  4484 | D:6      | Reached ***** piety under Trog
  4773 | D:6      | Reached skill level 11 in Axes
  4773 | D:6      | Reached XP level 9. HP: 76/79 MP: 8/8
  4890 | D:6      | Found Gockela's Book Shop.
  4931 | D:6      | Found a deep blue altar of Sif Muna.
  5167 | D:7      | Found a blossoming altar of Fedhas.
  5229 | D:7      | Found a shimmering altar of Xom.
  5954 | D:8      | Found Gion's Distillery.
  5982 | D:8      | Received a gift from Trog
  5996 | D:8      | Bought 2 potions of agility for 96 gold pieces
  6357 | D:8      | Noticed Pikel
  6368 | D:8      | Killed Pikel
  6368 | D:8      | Reached skill level 12 in Axes
  6437 | D:8      | Found Coen's Magic Scroll Shoppe.
  6445 | D:8      | Bought a scroll of blinking for 97 gold pieces
  6578 | D:8      | Noticed Gastronok
  6630 | D:8      | Found Ycsigen's Assorted Antiques.
  6638 | D:8      | Bought a pair of gloves for 112 gold pieces
  6782 | D:8      | Found Lim Ibby's Armour Boutique.
  6887 | D:9      | Noticed a troll
  6910 | D:9      | Killed a troll
  6910 | D:9      | Reached XP level 10. HP: 68/90 MP: 3/9
  7041 | D:9      | Reached skill level 13 in Axes
  7049 | D:9      | Found a radiant altar of Vehumet.
  7074 | D:9      | Got a bloodstained long sword
  7075 | D:9      | Identified the +6 long sword of Joyful Slaughter {flame,
                  | rElec rN+ Dex-3} (You found it on level 9 of the Dungeon)
  7778 | D:9      | Found a shadowy altar of Dithmenos.
  7778 | D:9      | Noticed Prince Ribbit
  8109 | D:10     | Entered Level 10 of the Dungeon
  8134 | D:10     | Found a staircase to the Orcish Mines.
  8243 | D:10     | Found a blossoming altar of Fedhas.
  8498 | D:10     | Found Amif's Food Boutique.
  9299 | D:8      | Bought the +0 buckler "Xecemi" {Str+2 Int+3 Dex+2} for 393
                  | gold pieces
  9419 | D:11     | Reached skill level 5 in Dodging
  9581 | D:11     | Noticed a cyclops
  9587 | D:11     | Killed a cyclops
  9587 | D:11     | Reached skill level 14 in Axes
  9587 | D:11     | Reached skill level 1 in Shields
  9778 | D:11     | Found a staircase to the Lair.
  9793 | D:11     | Killed Gastronok
  9793 | D:11     | Reached skill level 10 in Fighting
  9793 | D:11     | Reached XP level 11. HP: 19/99 MP: 10/10
 10524 | D:12     | Reached skill level 10 in Armour
 10595 | D:12     | Received a gift from Trog
 10637 | D:12     | Noticed a centaur warrior
 10645 | D:12     | Killed a centaur warrior
 11213 | Lair:1   | Entered Level 1 of the Lair of Beasts
 11236 | Lair:1   | Reached skill level 5 in Shields
 11290 | Lair:1   | Noticed a seven-headed hydra
 11302 | Lair:1   | HP: 5/101 [seven-headed hydra (3)]
 11302 | Lair:1   | HP: 2/101 [seven-headed hydra (3)]
 11303 | Lair:1   | Mangled by a seven-headed hydra

Skill      XL: |  1  2  3  4  5  6  7  8  9 10 11 |
---------------+----------------------------------+-----
Axes           | 4 5 7 9 11 12 14 | 14.6
Fighting       | 4 5 6 7 8 10 | 10.7
Armour         | 3 4 5 6 8 9 10 | 10.4
Dodging        | 3 6 7 |  7.1
Shields        | 3 5 |  5.2

Action                   |  1- 3 |  4- 6 |  7- 9 | 10-12 || total
-------------------------+-------+-------+-------+-------++-------
Melee: Hand axe          |    50 |   120 |       |       ||   170
       Headbutt          |    11 |    25 |    44 |    66 ||   146
       War axe           |       |    22 |   186 |    95 ||   303
       Battleaxe         |       |       |    54 |    93 ||   147
       Broad axe         |       |       |       |    37 ||    37
Invok: Berserk           |     1 |     1 |     3 |     3 ||     8
       Brothers in Arms  |       |       |     1 |     2 ||     3
  Use: Scroll            |       |     4 |     5 |       ||     9
       Potion            |       |       |     1 |       ||     1
  Eat: Chunk             |       |     6 |     4 |     8 ||    18
       Ration            |       |       |     4 |     3 ||     7
Armor: Chain mail        |    23 |    54 |    88 |       ||   165
       Plate armour      |       |       |    20 |   129 ||   149
Dodge: Dodged            |    19 |    52 |    82 |   123 ||   276
Block: Buckler           |       |       |       |    26 ||    26
